 Dungeon Crawl Stone Soup version 0.30-a0-743-gbfdf073431 (webtiles) character file.

Game seed: 7769931611542300684

678 Dittersdorf the Shield-Bearer (level 7, -5/44 HPs)
             Began as a Gargoyle Fighter on Feb 7, 2023.
             Slain by a yak (11 damage)
             ... on level 5 of the Dungeon.
             The game lasted 00:04:21 (3803 turns).

Dittersdorf the Shield-Bearer (Gargoyle Fighter)    Turns: 3803, Time: 00:04:22

Health: -5/44      AC: 16    Str: 27    XL:     7   Next: 60%
Magic:  7/7        EV:  8    Int:  9    God:
Gold:   212        SH:  5    Dex:  9    Spells: 6/6 levels left

rFire   . . .      SeeInvis .    a - +0 flail
rCold   . . .      Faith    .    c - +0 buckler
rNeg    + . .      Spirit   .    v - +0 chain mail
rPois   ∞          Reflect  .    k - +0 helmet
rElec   +          Harm     .    (no cloak)
rCorr   .          Rampage  .    (no gloves)
Will    .....                    (no boots) Stlth
                                 (no amulet)
HPRegen 0.27/turn                j - +6 ring of strength
MPRegen 0.10/turn                (no ring)

@: mighty, flying
A: sickness immunity, AC +4, negative energy resistance 1, electricity
resistance, torment resistance 1, petrification resistance
a: no special abilities


You were on level 5 of the Dungeon.
You visited 2 branches of the dungeon, and saw 6 of its levels.

You collected 212 gold pieces.

Inventory:

Hand Weapons
 a - a +0 flail (weapon)
Armour
 c - a +0 buckler (worn)
 k - a +0 helmet (worn)
 v - a +0 chain mail (worn)
Jewellery
 j - a +6 ring of strength (left hand)
Wands
 b - a wand of roots (9)
Scrolls
 e - a scroll of noise {unknown}
 g - 2 scrolls of immolation {unknown}
 h - 5 scrolls of identify {unknown}
 i - a scroll of blinking {unknown}
 l - 2 scrolls of amnesia {unknown}
 n - a scroll of butterflies {unknown}
 p - 2 scrolls of teleportation {unknown}
 u - a scroll of vulnerability {unknown}
Potions
 d - a potion of might
 f - a potion of flight
 m - a potion of degeneration {unknown}
 o - a potion of cancellation {unknown}
 q - a potion of berserk rage {unknown}
 r - a potion of ambrosia {unknown}
 s - a potion of brilliance {unknown}
 t - a potion of haste {unknown}


   Skills:
 + Level 5.4 Fighting
 + Level 4.4 Maces & Flails
 + Level 5.5 Armour
 + Level 5.5 Shields


You had 6 spell levels left.
You didn't know any spells.
Your spell library contained the following spells:

 Spells                   Type           Power      Damage    Failure   Level
 Poisonous Vapours        Pois/Air       0%         N/A       99%         2
 Mephitic Cloud           Conj/Pois/Air  0%         N/A       100%        3
 Cigotuvi's Dreadful Rot  Necr/Pois/Air  Unusable   N/A       N/A         2

Dungeon Overview and Level Annotations

Branches:
Dungeon (5/15)             Temple (1/1) D:5

Altars:
Ashenzari
Dithmenos
Hepliaklqana
Nemelex Xobeh
Qazlal
Ru
Sif Muna
Trog
Vehumet
Xom
The Shining One

Shops:
D:2 (

Annotations:
D:3 1 runed translucent door, Crazy Yiuf


Innate Abilities, Weirdness & Mutations

You are immune to sickness and miasma.
Your stone body is resilient. (AC +4)
You are immune to poison.
You resist negative energy. (rN+)
You are resistant to electric shocks. (rElec)
You are resistant to unholy torment.
You are immune to petrification.


Message History

You are too injured to fight recklessly!
You are too injured to fight recklessly!
You are too injured to fight recklessly!
You are too injured to fight recklessly!
You are too injured to fight recklessly!
You are too injured to fight recklessly!
You are too injured to fight recklessly!
You are too injured to fight recklessly!
You are too injured to fight recklessly!
You are too injured to fight recklessly!
You are too injured to fight recklessly!
You are too injured to fight recklessly!
You are too injured to fight recklessly!
You thump the yak!
The yak is heavily wounded.
You block the yak's attack.
You thump the yak!
The yak is severely wounded.
The yak gores you but does no damage.
You sock the yak!
The yak is almost dead.
The yak gores you!
* * * LOW HITPOINT WARNING * * *
The yak barely misses you.
You barely miss the yak.
The yak is almost dead.
The yak gores you.
* * * LOW HITPOINT WARNING * * *
You hit the yak.
You kill the yak!
You sock the yak!
The yak is lightly wounded.
The yak gores you but does no damage.
Okay, then.
It was a potion of flight.
You feel very buoyant.
You fly up into the air.
The yak gores you but does no damage.
You feel very mighty all of a sudden. The yak gores you!
You die...

#######
#.....##########.#
##.###(.@YYY.......
#...#######..####.#
#....# #..# #....#
#..# ####.# #..#
#.# #..# . #.# #..#
#. #.# #..#######
~#. #.#
#........###P#.


You could see 3 yaks.

Vanquished Creatures
  2 yaks (D:5)
  A black bear (D:4)
  A scorpion (D:4)
  An iguana (D:4)
  4 gnolls (D:3)
  6 adders
  3 worms
  2 dart slugs (D:1)
  3 orcs (D:3)
  7 endoplasms
  6 giant cockroaches
  15 goblins
  6 hobgoblins
  5 jackals
  6 quokkas
  9 ball pythons
  3 bats
  5 frilled lizards
  6 kobolds
  4 rats
95 creatures vanquished.

Vanquished Creatures (others)
  A fungus (D:5)
1 creature vanquished.

Grand Total: 96 creatures vanquished

Notes
Turn   | Place    | Note
-------+----------+-------------------------------------------
     0 | D:1      | Dittersdorf the Gargoyle Fighter began the quest for the
                  | Orb.
     0 | D:1      | Reached XP level 1. HP: 14/14 MP: 1/1
   238 | D:1      | Reached XP level 2. HP: 19/19 MP: 2/2
   460 | D:1      | Reached XP level 3. HP: 23/23 MP: 3/3
  1023 | D:2      | Found a shadowy altar of Dithmenos.
  1109 | D:2      | Reached XP level 4. HP: 27/29 MP: 4/4
  1604 | D:2      | Found Zarior's Antique Weapon Shop.
  1756 | D:3      | Found a sparkling altar of Nemelex Xobeh.
  1947 | D:3      | Found a sacrificial altar of Ru.
  2010 | D:3      | Reached XP level 5. HP: 32/33 MP: 5/5
  2414 | D:3      | Found a runed translucent door.
  2415 | D:3      | Noticed Crazy Yiuf
  2836 | D:4      | Reached XP level 6. HP: 36/39 MP: 6/6
  3006 | D:4      | Noticed a black bear
  3017 | D:4      | Killed a black bear
  3523 | D:5      | Entered Level 5 of the Dungeon
  3523 | D:5      | Found a staircase to the Ecumenical Temple.
  3529 | Temple   | Entered the Ecumenical Temple
  3772 | D:5      | Noticed a yak
  3773 | D:5      | Noticed a yak
  3781 | D:5      | Noticed a yak
  3782 | D:5      | Noticed a yak
  3784 | D:5      | Noticed a yak
  3789 | D:5      | Killed a yak
  3790 | D:5      | Reached skill level 5 in Fighting
  3790 | D:5      | Reached skill level 5 in Armour
  3790 | D:5      | Reached skill level 5 in Shields
  3790 | D:5      | Reached XP level 7. HP: 41/44 MP: 7/7
  3800 | D:5      | Killed a yak
  3803 | D:5      | Slain by a yak

Illustrated notes

Levels and vault maps discovered:
D:1:      pf_arrival_petrified_forest, layout_loops_corners
D:2:      layout_loops_ring, basic_altar, serial_shops, shop
D:3:      cheibrodos_helix_gallery, layout_loops_ring, lemuel_crystal_altar,
          mainiacjoe_overflow_alcove_2, minmay_misc_feat_alley,
          minmay_fractal_squares_gapless_5, uniq_crazy_yiuf_cottage
D:4:      layout_loops_ring
D:5:      layout_loops_ring, mainiacjoe_overflow_tiny_flanked, bloody_makhleb,
          gammafunk_temple_overflow_claw, minmay_temple_entry_statues,
          serial_aquarium, aquarium_bridge_square [aquarium_subvault_window,
          aquarium_subvault_window, aquarium_subvault_bridge,
          aquarium_subvault_bridge], aquarium_window_2,
          aquarium_window_corridor_3, aquarium_window_2, aquarium_window_corner,
          aquarium_view_2f, aquarium_view_2d, aquarium_pool_2
Temple:   chequers_temple_sunken

Skill      XL: |  1  2  3  4  5  6 |
---------------+-------------------+-----
Armour         | 4 5 |  5.5
Shields        | 4 5 |  5.5
Fighting       | 4 5 |  5.4
Maces & Flails | 3 4 |  4.4

Action                     |  1- 3 |  4- 6 |  7- 9 || total
---------------------------+-------+-------+-------++-------
  Melee: Flail             |    96 |   202 |    12 ||   310
    Use: Potion            |       |       |     2 ||     2
 Armour: Scale mail        |    59 |    82 |       ||   141
         Chain mail        |       |    23 |     4 ||    27
  Dodge: Dodged            |    57 |   107 |     2 ||   166
  Block: Buckler           |    17 |    42 |     3 ||    62

Table legend: (Time is in decaauts)
 A = Elapsed time spent in this place.
 B = Non-inter-level travel time spent in this place.
 C = Inter-level travel time spent in this place.
 D = Time resting spent in this place.
 E = Time spent auto-exploring this place.
 F = Levels seen in this place.
 G = Mean time per level.
                   A        B        C        D        E       F      G
               +--------+--------+--------+--------+--------+-----+--------+
         Total |   3945 |   3711 |    234 |      0 |   2984 |   6 |  657.5 |
       Dungeon |   3730 |   3526 |    204 |      0 |   2807 |   5 |  746.0 |
        Temple |    214 |    185 |     29 |      0 |    177 |   1 |  214.0 |
               +--------+--------+--------+--------+--------+-----+--------+

Top non-repeatable levels by time:
     D:1: 1047 daAuts
     D:3: 1021 daAuts
     D:4: 798 daAuts
     D:2: 743 daAuts
  Temple: 214 daAuts
     D:5: 119 daAuts
